TOP OF THE 1ST |
Washington Generals batting - Pitching for Provo Mango : LHP Jeff Bradshaw
|
Pitching: LHP Jeff Bradshaw
|
|
Batting: RHB Iván Rodríguez
|
0-0: Fly out, F7 (Line Drive, 7M)
|
Batting: LHB Michael Whorton
|
0-0: Ball 1-0: Called Strike 1-1: DOUBLE (Flyball, 7LS)
|
Batting: RHB Harley Gray
|
0-0: Called Strike 0-1: Foul Ball, location: 2F 0-2: Strikes out looking
|
Batting: RHB Arturo Morales
|
0-0: Foul Ball, location: 2F 0-1: Fly out, F7 (Line Drive, 7M)
|
Top of the 1st over - 0 run(s), 1 hit(s), 0 error(s), 1 left on base; Washington 0 - Provo 0 |
BOTTOM OF THE 1ST |
Provo Mango batting - Pitching for Washington Generals : RHP Xavier Benítez
|
Pitching: RHP Xavier Benítez
|
|
Batting: RHB Cristián Lima
|
0-0: Called Strike 0-1: Ball 1-1: Foul Ball, location: 2F 1-2: Strikes out swinging
|
Batting: LHB Akihito Nishiyama
|
0-0: Ball 1-0: Ground out 1-3 (Groundball, 15)
|
Batting: RHB Santiago Ramos
|
0-0: Called Strike 0-1: Foul Ball, location: 2F 0-2: Fly out, F3 (Popup, 3DF)
|
Bottom of the 1st over - 0 run(s), 0 hit(s), 0 error(s), 0 left on base; Washington 0 - Provo 0 |
TOP OF THE 2ND |
Washington Generals batting - Pitching for Provo Mango : LHP Jeff Bradshaw
|
Batting: SHB Carlos Alicea
|
0-0: Called Strike 0-1: Foul Ball, location: 2F 0-2: Ball 1-2: Ball 2-2: Ball 3-2: Foul Ball, location: 2F 3-2: Base on Balls
|
Batting: RHB Tim Lehman
|
0-0: Called Strike 0-1: Foul Ball, location: 2F 0-2: Ball Carlos Alicea is caught stealing 2nd base 1-2: Strikes out swinging
|
Batting: SHB Júlio Camacho
|
0-0: Ball 1-0: Foul Ball, location: 2F 1-1: Ball 2-1: Ball 3-1: Foul Ball, location: 2F 3-2: Strikes out swinging, 2-3 out at first.
|
Top of the 2nd over - 0 run(s), 0 hit(s), 0 error(s), 0 left on base; Washington 0 - Provo 0 |
BOTTOM OF THE 2ND |
Provo Mango batting - Pitching for Washington Generals : RHP Xavier Benítez
|
Batting: RHB Rubén Campos
|
0-0: Ball 1-0: Ball 2-0: Called Strike 2-1: Ground out 4-3 (Groundball, 4M)
|
Batting: RHB Lúcio Sánchez
|
0-0: Fly out, F8 (Flyball, 8LM)
|
Batting: RHB Xavier Hernández
|
0-0: Called Strike 0-1: SINGLE (Groundball, 56D)
|
Batting: SHB Tom Oglander
|
0-0: Called Strike 0-1: Ball 1-1: Called Strike 1-2: Strikes out looking
|
Bottom of the 2nd over - 0 run(s), 1 hit(s), 0 error(s), 1 left on base; Washington 0 - Provo 0 |
TOP OF THE 3RD |
Washington Generals batting - Pitching for Provo Mango : LHP Jeff Bradshaw
|
Batting: LHB Jim Unknown
|
0-0: Ball 1-0: Ground out U3 (Groundball, 3)
|
Batting: RHB Andy Moore
|
0-0: Fly out, F6 (Popup, 4MD)
|
Batting: RHB Iván Rodríguez
|
0-0: Called Strike 0-1: Ball 1-1: Ball 2-1: Foul Ball, location: 2F 2-2: Ball 3-2: Base on Balls
|
Batting: LHB Michael Whorton
|
0-0: Ground out U3 (Groundball, 3L)
|
Top of the 3rd over - 0 run(s), 0 hit(s), 0 error(s), 1 left on base; Washington 0 - Provo 0 |
BOTTOM OF THE 3RD |
Provo Mango batting - Pitching for Washington Generals : RHP Xavier Benítez
|
Batting: RHB Everette Jeffers
|
0-0: Ball 1-0: Swinging Strike 1-1: Ball 2-1: Ball 3-1: Base on Balls
|
Batting: RHB John Moss
|
0-0: Ball 1-0: Foul Ball, location: 2F 1-1: Foul Ball, location: 2F 1-2: Ball 2-2: Fielders Choice at 2nd, U4 (Groundball, 4M)
|
Batting: RHB Cristián Lima
|
0-0: Foul Ball, location: 2F 0-1: Ball 1-1: Fly out, F7 (Flyball, 7S)
|
Batting: LHB Akihito Nishiyama
|
0-0: Ball 1-0: Called Strike 1-1: Called Strike 1-2: Strikes out swinging
|
Bottom of the 3rd over - 0 run(s), 0 hit(s), 0 error(s), 1 left on base; Washington 0 - Provo 0 |
TOP OF THE 4TH |
Washington Generals batting - Pitching for Provo Mango : LHP Jeff Bradshaw
|
Batting: RHB Harley Gray
|
0-0: Foul Ball, location: 2F 0-1: Ball 1-1: Foul Ball, location: 2F 1-2: Ball 2-2: DOUBLE (Line Drive, 89M)
|
Pinch Runner at 2nd Carlos Correa:
|
|
Batting: RHB Arturo Morales
|
0-0: Ground out 5-3 (Groundball, 6)
|
Batting: SHB Carlos Alicea
|
0-0: Called Strike 0-1: Ground out 4-3 (Groundball, 34) Carlos Correa to third
|
Batting: RHB Tim Lehman
|
0-0: Swinging Strike 0-1: Ball 1-1: Swinging Strike 1-2: Ball 2-2: Ball 3-2: Fly out, F6 (Popup, 6)
|
Top of the 4th over - 0 run(s), 1 hit(s), 0 error(s), 1 left on base; Washington 0 - Provo 0 |
TOP OF THE 5TH |
Washington Generals batting - Pitching for Provo Mango : LHP Jeff Bradshaw
|
Batting: SHB Júlio Camacho
|
0-0: Ball 1-0: Swinging Strike 1-1: Ball 2-1: Fly out, F9 (Line Drive, 9M)
|
Batting: LHB Jim Unknown
|
0-0: Ball 1-0: Swinging Strike 1-1: Foul Ball, location: 2F 1-2: Strikes out swinging
|
Batting: RHB Andy Moore
|
0-0: Ball 1-0: SINGLE (Line Drive, 3)
|
Batting: RHB Iván Rodríguez
|
0-0: Called Strike 0-1: Swinging Strike 0-2: Ball Andy Moore steals 2nd base 1-2: Ball 2-2: Ball 3-2: Base on Balls
|
Batting: LHB Michael Whorton
|
0-0: Ball 1-0: Called Strike 1-1: Ball 2-1: Foul Ball, location: 2F 2-2: Strikes out swinging
|
Top of the 5th over - 0 run(s), 1 hit(s), 0 error(s), 2 left on base; Washington 0 - Provo 1 |
BOTTOM OF THE 5TH |
Provo Mango batting - Pitching for Washington Generals : RHP Xavier Benítez
|
Batting: RHB John Moss
|
0-0: Called Strike 0-1: Fly out, F5 (Line Drive, 56)
|
Batting: RHB Cristián Lima
|
0-0: Hit by Pitch
|
Batting: LHB Akihito Nishiyama
|
0-0: Called Strike 0-1: Ball 1-1: Ball 2-1: Called Strike 2-2: SINGLE (Groundball, 34D) (infield hit) Cristián Lima to second
|
Batting: RHB Santiago Ramos
|
0-0: Ball 1-0: Foul Ball, location: 2F 1-1: Ball 2-1: Grounds into double play, U5-3 (Groundball, 5L)
|
Bottom of the 5th over - 0 run(s), 1 hit(s), 0 error(s), 1 left on base; Washington 0 - Provo 1 |
TOP OF THE 6TH |
Washington Generals batting - Pitching for Provo Mango : LHP Jeff Bradshaw
|
Batting: RHB Carlos Correa
|
0-0: Foul Ball, location: 2F 0-1: Ball 1-1: Foul Ball, location: 2F 1-2: Strikes out swinging
|
Batting: RHB Arturo Morales
|
0-0: Ground out 1-3 (Groundball, 13S)
|
Batting: SHB Carlos Alicea
|
0-0: Called Strike 0-1: Ball 1-1: Called Strike 1-2: Foul Ball, location: 2F 1-2: Strikes out looking
|
Top of the 6th over - 0 run(s), 0 hit(s), 0 error(s), 0 left on base; Washington 0 - Provo 1 |
BOTTOM OF THE 6TH |
Provo Mango batting - Pitching for Washington Generals : RHP Xavier Benítez
|
Batting: RHB Rubén Campos
|
0-0: Ball 1-0: Called Strike 1-1: Ball 2-1: Fly out, F4 (Popup, 3D)
|
Batting: RHB Lúcio Sánchez
|
0-0: Called Strike 0-1: Foul Ball, location: 2F 0-2: Ball 1-2: Strikes out looking
|
Batting: RHB Xavier Hernández
|
0-0: Ball 1-0: Called Strike 1-1: Called Strike 1-2: Ball 2-2: Strikes out swinging
|
Bottom of the 6th over - 0 run(s), 0 hit(s), 0 error(s), 0 left on base; Washington 0 - Provo 1 |
TOP OF THE 7TH |
Washington Generals batting - Pitching for Provo Mango : LHP Jeff Bradshaw
|
Batting: RHB Tim Lehman
|
0-0: Ball 1-0: Called Strike 1-1: Ground out 1-3 (Groundball, 15S)
|
Batting: SHB Júlio Camacho
|
0-0: Called Strike 0-1: Swinging Strike 0-2: Ball 1-2: Ball 2-2: Ball 3-2: Strikes out swinging
|
Batting: LHB Jim Unknown
|
0-0: Foul Ball, location: 2F 0-1: Ball 1-1: Fly out, F7 (Flyball, 78D)
|
Top of the 7th over - 0 run(s), 0 hit(s), 0 error(s), 0 left on base; Washington 0 - Provo 1 |
BOTTOM OF THE 7TH |
Provo Mango batting - Pitching for Washington Generals : RHP Xavier Benítez
|
Batting: SHB Tom Oglander
|
0-0: Ball 1-0: Ball 2-0: Called Strike 2-1: Foul Ball, location: 2F 2-2: Ball 3-2: Base on Balls
|
Pinch Hitting: LHB Esteban Trujillo
|
0-0: Sac Bunt - play at first, batter OUT! 5-3 Tom Oglander to second
|
Pinch Hitting: LHB Héctor Rivera
|
0-0: Intentional Walk
|
Pinch Hitting: RHB Salvador Noriega
|
0-0: Grounds into double play, 6-4-3 (Groundball, 6M)
|
Bottom of the 7th over - 0 run(s), 0 hit(s), 0 error(s), 1 left on base; Washington 0 - Provo 1 |
TOP OF THE 8TH |
Washington Generals batting - Pitching for Provo Mango : LHP Jeff Bradshaw
|
Pitching: RHP Luis Ramos
|
|
Now at 3B: Salvador Noriega
|
|
Now at SS: Héctor Rivera
|
|
Now in RF: Esteban Trujillo
|
|
Batting: RHB Andy Moore
|
0-0: Ball 1-0: Foul Ball, location: 2F 1-1: Swinging Strike 1-2: Ball 2-2: Ball 3-2: Strikes out looking
|
Batting: RHB Iván Rodríguez
|
0-0: Ball 1-0: Ball 2-0: Ball 3-0: Called Strike 3-1: Foul Ball, location: 2F 3-2: SOLO HOME RUN (Flyball, 7D), Distance : 424 ft
|
Batting: LHB Michael Whorton
|
0-0: Fly out, F4 (Line Drive, 34D)
|
Pinch Hitting: LHB Jim Unknown
|
0-0: Called Strike 0-1: Swinging Strike 0-2: Ball 1-2: Ball 2-2: Ball 3-2: Strikes out swinging
|
Top of the 8th over - 1 run(s), 1 hit(s), 0 error(s), 0 left on base; Washington 1 - Provo 1 |
BOTTOM OF THE 8TH |
Provo Mango batting - Pitching for Washington Generals : RHP Xavier Benítez
|
Now in CF: Jim Unknown
|
|
Batting: LHB Akihito Nishiyama
|
0-0: Called Strike 0-1: Called Strike 0-2: Ball 1-2: Strikes out swinging
|
Batting: RHB Santiago Ramos
|
0-0: Ball 1-0: Ground out 6-3 (Groundball, 6M)
|
Batting: RHB Rubén Campos
|
0-0: Called Strike 0-1: Foul Ball, location: 2F 0-2: Fly out, F8 (Flyball, 8RS)
|
Bottom of the 8th over - 0 run(s), 0 hit(s), 0 error(s), 0 left on base; Washington 1 - Provo 1 |
TOP OF THE 9TH |
Washington Generals batting - Pitching for Provo Mango : RHP Luis Ramos
|
Pitching: RHP Enrique García
|
|
Batting: RHB Arturo Morales
|
0-0: Ball 1-0: Ball 2-0: Called Strike 2-1: Ball 3-1: Fly out, F6 (Popup, 6)
|
Batting: SHB Carlos Alicea
|
0-0: Ball 1-0: Called Strike 1-1: Swinging Strike 1-2: Foul Ball, location: 2F 1-2: Strikes out swinging
|
Batting: RHB Tim Lehman
|
0-0: Called Strike 0-1: Called Strike 0-2: Ball 1-2: Ball 2-2: Strikes out swinging
|
Top of the 9th over - 0 run(s), 0 hit(s), 0 error(s), 0 left on base; Washington 1 - Provo 1 |
BOTTOM OF THE 9TH |
Provo Mango batting - Pitching for Washington Generals : RHP Xavier Benítez
|
Batting: RHB Lúcio Sánchez
|
0-0: Ball 1-0: Called Strike 1-1: Called Strike 1-2: Foul Ball, location: 2F 1-2: Strikes out swinging
|
Pitching: RHP José Peña
|
|
Batting: RHB Xavier Hernández
|
0-0: Called Strike 0-1: Ball 1-1: Fly out, F9 (Flyball, 9LM)
|
Pinch Hitting: LHB Armando Villarreal
|
0-0: Ball 1-0: Ball 2-0: Ball 3-0: Base on Balls
|
Batting: LHB Esteban Trujillo
|
0-0: Ball 1-0: Ball 2-0: Called Strike 2-1: Ball 3-1: Base on Balls Armando Villarreal to second
|
Batting: LHB Héctor Rivera
|
0-0: Ball 1-0: Ball 2-0: Swinging Strike 2-1: Called Strike 2-2: Ball 3-2: Foul Ball, location: 2F 3-2: Strikes out looking
|
Bottom of the 9th over - 0 run(s), 0 hit(s), 0 error(s), 2 left on base; Washington 1 - Provo 1 |
TOP OF THE 10TH |
Washington Generals batting - Pitching for Provo Mango : RHP Enrique García
|
Now at 2B: Javier Lima
|
|
Batting: SHB Júlio Camacho
|
0-0: Ball 1-0: Fly out, F7 (Flyball, 7M)
|
Batting: LHB Jim Unknown
|
0-0: Ball 1-0: Swinging Strike 1-1: Called Strike 1-2: Fly out, F8 (Flyball, 78M)
|
Batting: RHB Andy Moore
|
0-0: Called Strike 0-1: Ball 1-1: Ball 2-1: Ball 3-1: Base on Balls
|
Batting: RHB Iván Rodríguez
|
0-0: Ball 1-0: Ball 2-0: Called Strike 2-1: Ball 3-1: Foul Ball, location: 2F 3-2: Strikes out looking
|
Top of the 10th over - 0 run(s), 0 hit(s), 0 error(s), 1 left on base; Washington 1 - Provo 1 |
BOTTOM OF THE 10TH |
Provo Mango batting - Pitching for Washington Generals : RHP José Peña
|
Batting: RHB Salvador Noriega
|
0-0: Ball 1-0: Foul Ball, location: 2F 1-1: Fly out, F9 (Flyball, 9S)
|
Batting: LHB Akihito Nishiyama
|
0-0: Ball 1-0: Ball 2-0: Ball 3-0: Base on Balls
|
Batting: RHB Santiago Ramos
|
0-0: Ball 1-0: Grounds into double play, 6-4-3 (Groundball, 6)
|
Bottom of the 10th over - 0 run(s), 0 hit(s), 0 error(s), 0 left on base; Washington 1 - Provo 1 |
TOP OF THE 11TH |
Washington Generals batting - Pitching for Provo Mango : RHP Enrique García
|
Pitching: RHP Odemar Ouweneel
|
|
Batting: LHB Michael Whorton
|
0-0: Ball 1-0: Fly out, F3 (Line Drive, 3)
|
Batting: LHB Jim Unknown
|
0-0: Swinging Strike 0-1: Ground out U3 (Groundball, 3L)
|
Batting: RHB Arturo Morales
|
0-0: Foul Ball, location: 2F 0-1: Ball 1-1: Foul Ball, location: 2F 1-2: Foul Ball, location: 2F 1-2: Strikes out swinging
|
Top of the 11th over - 0 run(s), 0 hit(s), 0 error(s), 0 left on base; Washington 1 - Provo 1 |
|